 Dungeon Crawl Stone Soup version 0.28-a0-1347-g113dc556a4 (webtiles) character file.

Game seed: 14668903884771733086

3 2tousent the Sneak (level 1, 0/11 HPs)
             Began as an Octopode Enchanter on Dec 29, 2021.
             Slain by a kobold (4 damage)
             ... on level 1 of the Dungeon.
             The game lasted 00:00:24 (92 turns).

2tousent the Sneak (Octopode Enchanter)               Turns: 92, Time: 00:00:24

Health: 0/11       AC:  1    Str:  7    XL:     1   Next: 50%
Magic:  3/3        EV: 13    Int: 17    God:
Gold:   20         SH:  0    Dex: 12    Spells: 4/4 levels left

rFire   . . .      SeeInvis .   a - +1 dagger
rCold   . . .      Faith    .   (no shield)
rNeg    . . .      Spirit   .   (helmet restricted)
rPois   .          Reflect  .   (no amulet)
rElec   .          Harm     .   (no ring)
rCorr   .          Rampage  .   (no ring)
Will    .....                   (no ring)
Stlth   +++.......              (no ring)
HPRegen 0.03/turn               (no ring)
MPRegen 0.08/turn               (no ring)
                                (no ring)
                                (no ring)

@: no status effects
A: almost no armour, amphibious, 8 rings, camouflage 1, gelatinous body 1,
(nimble swimmer 1), tentacles
a: no special abilities


You were on level 1 of the Dungeon.
You visited 1 branch of the dungeon, and saw 1 of its levels.

You collected 20 gold pieces.

Inventory:

Hand Weapons
 a - a +1 dagger (weapon)
Scrolls
 c - a scroll of immolation {unknown}
Potions
 b - a potion of invisibility


   Skills:
 + Level 1.1 Short Blades
 - Level 2.0 Dodging
 * Level 4.1 Stealth
 - Level 2.0 Spellcasting
 * Level 3.1 Hexes


You had 4 spell levels left.
You didn't know any spells.
Your spell library contained the following spells:

 Spells                   Type           Power      Damage    Failure   Level
 Ensorcelled Hibernation  Hex/Ice        12%        N/A       16%         2
 Confusing Touch          Hex            12%        N/A       16%         3
 Tukima's Dance           Hex            12%        N/A       16%         3
 Animate Skeleton         Necr           2%         N/A       19%         1
 Apportation              Tloc           2%         N/A       19%         1
 Summon Small Mammal      Summ           4%         N/A       19%         1
 Dazzling Flash           Conj/Hex       12%        N/A       30%         3


Dungeon Overview and Level Annotations

Branches:
Dungeon (1/15)

Altars:


Innate Abilities, Weirdness & Mutations

You cannot wear most types of armour.
You are amphibious.
You can wear up to eight rings at the same time.
Your skin changes colour to match your surroundings (Stealth+).
Your rubbery body absorbs attacks. (AC +1, EV +1)
((You are camouflaged when in or above water. (Stealth+)))
You have tentacles for arms and can constrict up to eight enemies at once.


Message History

You puncture the kobold!
You kill the kobold!
No target in view!
Things that are here:
a +0 short sword; a kobold corpse You now have 20 gold pieces (gained 14).
Found a leather armour.
You pick up a book of Cantrips and begin reading...
You add the spells Animate Skeleton, Summon Small Mammal and Apportation to your library.
No target in view!
A kobold comes into view. It is wielding a +0 dagger.
A kobold is nearby!
An endoplasm comes into view.
The kobold misses you.
You barely miss the kobold. Your grab misses the kobold.
The kobold barely misses you.
You closely miss the kobold. Your grab misses the kobold.
The kobold hits you with a +0 dagger.
You hit the kobold. Your grab misses the kobold.
The kobold is moderately wounded.
The kobold hits you with a +0 dagger.
You hit the kobold but do no damage. Your grab misses the kobold.
The kobold is moderately wounded.
The kobold barely misses you.
You hit the kobold but do no damage. You grab the kobold.
The kobold is moderately wounded.
You constrict the kobold, but do no damage.
The kobold hits you with a +0 dagger.
You are too injured to fight recklessly!
You are too injured to fight recklessly!
You are too injured to fight recklessly!
You hit the kobold but do no damage.
The kobold is moderately wounded.
You constrict the kobold, but do no damage.
The endoplasm quivers.
The kobold hits you with a +0 dagger.
You barely miss the kobold.
The kobold is moderately wounded.
You constrict the kobold. The kobold hits you with a +0 dagger.
You die...

#.# #.#
#.########
#.........
#..#######
#..# ###..#
#....# #@##.#
..J...K.....#
####........#
#.#####..# #.
..# . .... #
###


You could see an endoplasm and a kobold.

Vanquished Creatures
  An endoplasm (D:1)
  A kobold (D:1)
  A rat (D:1)
3 creatures vanquished.

Notes
Turn   | Place    | Note
-------+----------+-------------------------------------------
     0 | D:1      | 2tousent the Octopode Enchanter began the quest for the
                  | Orb.
     0 | D:1      | Reached XP level 1. HP: 11/11 MP: 3/3
    92 | D:1      | Slain by a kobold

Illustrated notes

Levels and vault maps discovered:
D:1:      scummos_arrival_forest, layout_loops_ring

Action                   || total
-------------------------++-------
Melee: Dagger            ||    10
       Constrict         ||     1
 Stab: Sleeping          ||     3
Dodge: Dodged            ||     3

Table legend: (Time is in decaauts)
 A = Elapsed time spent in this place.
 B = Non-inter-level travel time spent in this place.
 C = Inter-level travel time spent in this place.
 D = Time resting spent in this place.
 E = Time spent auto-exploring this place.
 F = Levels seen in this place.
 G = Mean time per level.
                   A        B        C        D        E       F      G
               +--------+--------+--------+--------+--------+-----+--------+
         Total |     91 |     91 |      0 |      0 |     61 |   1 |   91.0 |
       Dungeon |     91 |     91 |      0 |      0 |     61 |   1 |   91.0 |
               +--------+--------+--------+--------+--------+-----+--------+

Top non-repeatable levels by time:
     D:1: 91 daAuts
